 Dungeon Crawl Stone Soup version 0.29-a0-998-g1987434951 (webtiles) character file.

Game seed: 713105797672454005

6171 zishaf the Thaumaturge (level 11, -13/71 HPs)
             Began as a Djinni Venom Mage on Aug 5, 2022.
             Was an Elder of Hepliaklqana.
             Killed from afar by a ynoxinul (32 damage)
             ... with an iron shot
             ... on level 2 of the Abyss.
             The game lasted 00:20:05 (10481 turns).

zishaf the Thaumaturge (Djinni Venom Mage)         Turns: 10481, Time: 00:20:07

Health: -13/71     AC:  7    Str: 11    XL:     11   Next: 13%
Gold:   658        EV: 11    Int: 20    God:    Hepliaklqana [****..] SH:  5 Dex: 11

rFire   + . .      SeeInvis .   a - +4 trident (venom)
rCold   + . .      Faith    .   u - +0 buckler
rNeg    . . .      Spirit   .   C - +2 leather armour {rC+}
rPois   ∞          Reflect  .   f - +0 helmet
rElec   .          Harm     .   (no cloak)
rCorr   .          Rampage  .   l - +0 pair of gloves
Will    +....                   (boots unavailable)
Stlth   +.........              (no amulet)
HPRegen 0.21/turn               n - ring of ice
MPRegen 0.00/turn               (no ring)

@: flying
A: reduced essence, sickness immunity, fire resistance 2, cold vulnerability 1,
float, innate caster, HP casting, extra vitality 1, clumsy 1, strong 1, wild
magic 1
a: Renounce Religion, Recall Ancestor, Ancestor Identity, Transference, Idealise


You were on level 2 of the Abyss.
You worshipped Hepliaklqana.
Hepliaklqana was greatly pleased with you.
You visited 1 branch of the dungeon, and saw 9 of its levels.
You visited the Abyss 1 time.
You also visited: Sewer.

You collected 658 gold pieces.

Inventory:

Hand Weapons
 a - a +4 trident of venom (weapon)
 d - a +0 dagger
 j - a +2 vorpal spear
Armour
 f - a +0 helmet (worn)
 l - a +0 pair of gloves (worn)
 u - a +0 buckler (worn)
 y - a +0 robe
 C - a +2 leather armour of cold resistance (worn)
Jewellery
 n - a ring of ice (left hand)
Wands
 c - a wand of iceblast (18)
 r - a wand of flame (36)
 s - a wand of mindburst (28)
 A - a wand of light (8)
Scrolls
 b - 6 scrolls of poison
 m - 3 scrolls of enchant weapon
 w - a scroll of vulnerability
 x - 4 scrolls of teleportation
 z - 2 scrolls of magic mapping
 B - a scroll of enchant armour {unknown}
Potions
 e - 2 potions of brilliance
 g - a potion of resistance {unknown}
 h - a potion of berserk rage {unknown}
 i - 2 potions of might
 k - 4 potions of heal wounds
 o - 2 potions of lignification
 p - 6 potions of curing
 q - 5 potions of attraction
 t - 5 potions of mutation
 v - a potion of cancellation {unknown}


   Skills:
 + Level 7.5 Fighting
 + Level 3.6 Polearms
 - Level 2.1 Dodging
 - Level 1.5 Stealth
 - Level 5.0 Shields
 * Level 8.5 Spellcasting
 + Level 3.6 Invocations
 - Level 5.0 Evocations


You had 2 spell levels left.
You knew the following spells:

 Your Spells              Type           Power      Damage    Failure   Level
a - Sting                 Tmut/Pois      100%       1d8       1%          1
b - Poisonous Vapours     Pois/Air       100%       N/A       1%          2
c - Freeze                Ice            100%       1d11      1%          1
d - Passwall              Tmut/Erth      45%        N/A       1%          2
z - Mephitic Cloud        Conj/Pois/Air  54%        N/A       2%          3
A - Olgreb's Toxic Radia  Pois           54%        N/A       7%          4
B - Ozocubu's Armour      Ice            70%        N/A       2%          3
C - Corpse Rot            Necr/Pois/Air  54%        N/A       7%          4
D - Alistair's Intoxicat  Tmut/Pois      36%        N/A       17%         5
Your spell library was empty.

Dungeon Overview and Level Annotations

Branches:
Dungeon (9/15)             Temple (0/1) D:6            Lair (0/5) D:9
  Sewer (visited)
    Orc: D:9-12

Altars:
Ashenzari
Gozag
Hepliaklqana
Nemelex Xobeh
Okawaru
Qazlal
Ru
Wu Jian
Zin
The Shining One

Shops:
D:2 =   D:8 !

Annotations:
D:3 3 runed translucent doors, RevDB's ghost, amateur DrCj
D:9 Erolcha


Innate Abilities, Weirdness & Mutations

Your life essence is reduced to manifest your ancestor. (-10% HP)
You are immune to sickness and miasma.
You are immune to poison.
Your flesh is very heat resistant. (rF++)
You are vulnerable to cold. (rC-)
You float through the air rather than walking.
You learn spells naturally, not from books.
Your magical power is your life essence.
You have superior vitality. (+4 MHP)
You are clumsy. (Dex -2)
Your muscles are strong. (Str +4, Int/Dex -1)
Your spells are a little harder to cast, but a little more powerful.


Message History

Aiming: Freeze (safe; 1% risk of failure)
Press: ? - help, Shift-Dir - straight line, f/p - ynoxinul
Aim: a ynoxinul (severely wounded, ally target)
You feel a surge of power!
You freeze the ynoxinul but do no damage.
The ynoxinul completely resists.
Xochipepe blocks the ufetubus's attack.
The ufetubus barely misses Xochipepe. x2
The ufetubus hits Xochipepe but does no damage.
The ynoxinul hits you.
* * * LOW HITPOINT WARNING * * *
Xochipepe closely misses the ynoxinul.
Xochipepe blocks the ufetubus's attack.
The ufetubus hits Xochipepe but does no damage.
Unknown command.
Casting: Freeze (safe; 1% risk of failure)
Confirm with . or Enter, or press ? or * to list all spells.
Aiming: Freeze (safe; 1% risk of failure)
Press: ? - help, Shift-Dir - straight line, f/p - ynoxinul
Aim: a ynoxinul (severely wounded)
You feel a surge of power!
You freeze the ynoxinul.
The ynoxinul resists.
The ynoxinul is almost dead.
* * * LOW HITPOINT WARNING * * *
Xochipepe blocks the ufetubus's attack.
The ufetubus hits Xochipepe but does no damage.
The ynoxinul misses you.
The ufetubus hits Xochipepe but does no damage. x2
Xochipepe closely misses the ufetubus.
Xochipepe blocks the ufetubus's attack. x2
Unknown command.
You hit the ynoxinul.
The ynoxinul is almost dead.
The ufetubus hits Xochipepe but does no damage.
The ufetubus barely misses Xochipepe.
Xochipepe blocks the ufetubus's attack.
The ufetubus barely misses Xochipepe.
The ynoxinul gestures at you. You block the iron shot.
Xochipepe barely misses the ufetubus.
The ufetubus barely misses Xochipepe.
Xochipepe blocks the ufetubus's attack.
The ufetubus hits Xochipepe but does no damage.
Xochipepe blocks the ufetubus's attack.
The ynoxinul gestures at you. The iron shot hits you!!
You die...

# .. .. .
...5.......
###. .§.R...
.. .. .. .. .
#....#.......
.# ### .... .
# .........#
#.#####
#....... ..
#.@.#..
...... . #
#.##3# 3..#
#.## #.# #
R5### . ## .#
# #5#5# # . #
#.#.# .#. #
## #


You could see the friendly Xochipepe the knight, a ynoxinul and 3 ufetubi.

Vanquished Creatures
  A two-headed ogre (D:7)
  Pikel (D:4)
  A hornet (D:7)
  Pargi (Sewer)
  2 orc warriors (D:8)
  An ice beast (D:8)
  A black bear (D:6)
  An ogre (D:4)
  2 centaurs (D:9)
  A kobold brigand (D:9)
  A lemure (D:4)
  A bullfrog (D:8)
  A necrophage (D:4)
  2 gnoll sergeants
  2 scorpions
  5 wights
  3 howler monkeys
  A crimson imp (Abyss:2)
  2 hounds
  3 orc priests
  A jelly (D:6)
  A knight (D:7)
  2 iguanas
  An orc wizard (D:8)
  9 gnolls
  8 adders
  2 white imps
  An ancestor (D:4)
  3 dart slugs
  41 orcs
  3 ball pythons
  9 bats
  5 giant cockroaches
  2 goblins
  9 hobgoblins
  2 jackals (D:9)
  17 kobolds
  4 quokkas
  2 frilled lizards
  10 rats
165 creatures vanquished.

Vanquished Creatures (collateral kills)
  2 two-headed ogres (D:6)
  2 wyverns
  An acid dragon (D:9)
  A sky beast (D:6)
  2 orc warriors (D:8)
  2 centaurs (D:8)
  A kobold brigand (D:6)
  A scorpion (D:6)
  5 wights
  3 howler monkeys
  3 hounds
  A jelly (D:7)
  4 orc priests
  An iguana (D:6)
  2 orc wizards
  A white imp (D:6)
  A worm (D:4)
  10 orcs
  An endoplasm (D:4)
  A hobgoblin (D:4)
  4 kobolds
49 creatures vanquished.

Vanquished Creatures (others)
  2 fungi (D:9)
  A plant (D:9)
3 creatures vanquished.

Grand Total: 217 creatures vanquished

Notes
Turn   | Place    | Note
-------+----------+-------------------------------------------
     0 | D:1      | zishaf the Djinni Venom Mage began the quest for the Orb.
     0 | D:1      | zishaf set off with the following spells memorised: Sting,
                  | Poisonous Vapours, Mephitic Cloud, Olgreb's Toxic Radiance.
     0 | D:1      | Reached XP level 1. HP: 15/15 MP: 0/0
   298 | D:1      | Reached XP level 2. HP: 18/22 MP: 0/0
   530 | D:1      | Reached skill level 1 in Fighting
   861 | D:1      | Reached XP level 3. HP: 21/27 MP: 0/0
   861 | D:1      | Learned a level 1 spell: Freeze
   969 | D:1      | Reached skill level 3 in Spellcasting
  1394 | D:1      | Reached XP level 4. HP: 21/32 MP: 0/0
  2417 | D:2      | Found Vaget's Jewellery Emporium.
  2478 | D:2      | Reached XP level 5. HP: 37/38 MP: 0/0
  2478 | D:2      | Learned a level 2 spell: Passwall
  2844 | D:3      | Noticed RevDB's ghost (amateur DrCj)
  2906 | D:3      | Found a runed translucent gate.
  2906 | D:3      | Found a runed translucent gate.
  2906 | D:3      | Found a runed translucent gate.
  2935 | D:3      | Found a hazy altar of Hepliaklqana.
  2935 | D:3      | Found a sparkling altar of Nemelex Xobeh.
  2935 | D:3      | Found a broken altar of Ashenzari.
  2942 | D:3      | Found an ornate altar of the Wu Jian Council.
  2942 | D:3      | Found a glowing silver altar of Zin.
  2950 | D:3      | Became a worshipper of Hepliaklqana the Forgotten
  3045 | D:3      | Found a glowing drain.
  3060 | Sewer    | Entered a sewer
  3161 | Sewer    | Noticed Pargi
  3173 | Sewer    | Killed Pargi
  3174 | Sewer    | Reached skill level 1 in Shields
  3174 | Sewer    | Reached skill level 4 in Spellcasting
  3174 | Sewer    | Reached XP level 6. HP: 4/45 MP: 0/0
  3597 | D:3      | Found a sacrificial altar of Ru.
  3666 | D:3      | Found a faded altar of an unknown god.
  4311 | D:4      | Reached * piety under Hepliaklqana
  4359 | D:4      | Noticed an ogre
  4373 | D:4      | Killed an ogre
  4374 | D:4      | Reached XP level 7. HP: 37/45 MP: 0/0
  4374 | D:4      | Learned a level 3 spell: Ozocubu's Armour
  4457 | D:4      | Reached skill level 1 in Evocations
  4487 | D:4      | Noticed Pikel
  4496 | D:4      | Killed Pikel
  4497 | D:4      | Reached skill level 5 in Spellcasting
  4497 | D:4      | Reached XP level 8. HP: 3/52 MP: 0/0
  5410 | D:5      | Entered Level 5 of the Dungeon
  5973 | D:5      | Reached ** piety under Hepliaklqana
  5975 | D:5      | Remembered your ancestor Xochipepe as a knight
  6091 | D:5      | Noticed a wyvern
  6099 | D:5      | Killed a wyvern
  6100 | D:5      | Reached skill level 6 in Spellcasting
  6394 | D:6      | Reached XP level 9. HP: 57/57 MP: 0/0
  6394 | D:6      | Learned a level 4 spell: Corpse Rot
  6507 | D:6      | Noticed a two-headed ogre
  6521 | D:6      | Killed a two-headed ogre
  6522 | D:6      | Reached skill level 5 in Fighting
  6748 | D:6      | Noticed a two-headed ogre
  6756 | D:6      | Killed a two-headed ogre
  6757 | D:6      | Reached skill level 1 in Polearms
  6757 | D:6      | Reached skill level 5 in Shields
  6757 | D:6      | Reached skill level 7 in Spellcasting
  6757 | D:6      | Reached XP level 10. HP: 30/64 MP: 0/0
  7211 | D:6      | Found a staircase to the Ecumenical Temple.
  7651 | D:7      | Found an opulent altar of Gozag.
  7651 | D:7      | Found an iron altar of Okawaru.
  7651 | D:7      | Found a stormy altar of Qazlal.
  7652 | D:7      | Found a glowing golden altar of the Shining One.
  7847 | D:7      | Reached *** piety under Hepliaklqana
  7956 | D:7      | Noticed a two-headed ogre
  7957 | D:7      | Reached skill level 5 in Evocations
  7974 | D:7      | Killed a two-headed ogre
  7975 | D:7      | Reached skill level 1 in Invocations
  8447 | D:8      | Found Voam's Distillery.
  8686 | D:8      | Reached skill level 8 in Spellcasting
  8971 | D:8      | Gained mutation: Your spells are a little harder to cast,
                  | but a little more powerful. [potion of mutation]
  8971 | D:8      | Gained mutation: You are clumsy. (Dex -2) [potion of
                  | mutation]
  8971 | D:8      | Gained mutation: Your muscles are strong. (Str +4, Int/Dex
                  | -1) [potion of mutation]
  9907 | D:9      | Reached XP level 11. HP: 8/71 MP: 0/0
  9907 | D:9      | Learned a level 5 spell: Alistair's Intoxication
  9907 | D:9      | Reached **** piety under Hepliaklqana
  9913 | D:9      | Found a staircase to the Lair.
 10433 | D:9      | Noticed Erolcha
 10434 | Abyss:2  | Cast into level 2 of the Abyss (Erolcha)
 10481 | Abyss:2  | Killed from afar by a ynoxinul

Illustrated notes

Levels and vault maps discovered:
D:1:      dpeg_arrival_leaves_temple_mockup, layout_basic,
          chequers_hall_statues_corner_a, minmay_misc_feat_enclosed
D:2:      layout_loops_ring, serial_shops, shop
D:3:      layout_basic, minmay_overflow_temple_hex,
          mainiacjoe_overflow_boulevard, basic_ecumenical_altar,
          portal_sewer_entry_d, gammafunk_ghost_icy
D:4:      layout_basic, grunt_ministairs_10, uniq_pikel
D:5:      layout_loops_ring, mainiacjoe_overflow_paths
D:6:      minmay_opposing_rooms, layout_loops_ring, nicolae_vehumet_radiance,
          minmay_temple_entry_tees
D:7:      layout_gridville, chequers_temple_overflow_statue_of_worship
D:8:      layout_loops_corners, serial_shops, shop, special_room
          [special_room_orc], patterned_corridor
D:9:      layout_big_octagon, dpeg_oklobed_lair, serial_gnoll_camp,
          gnoll_camp_mini_house, gnoll_camp_mini_doghouse,
          gnoll_camp_mini_house, gnoll_camp_mini_house, roderic_serpentine_path,
          uniq_erolcha
Abyss:2:  base: D:5, evilmike_abyss_exit_plants

Skill      XL: |  1  2  3  4  5  6  7  8  9 10 |
---------------+-------------------------------+-----
Fighting       | 1 2 3 4 6 7 |  7.5
Spellcasting   | 3 4 5 6 7 8 |  8.5
Shields        | 1 2 3 5 |  5.0
Evocations     | 2 3 4 5 |  5.0
Polearms       | 1 3 |  3.6
Invocations    | 3 |  3.6
Dodging        | |  2.1
Stealth        | |  1.5

Action                   |  1- 3 |  4- 6 |  7- 9 | 10-12 || total
-------------------------+-------+-------+-------+-------++-------
Melee: Unarmed           |     1 |       |       |       ||     1
       Spear             |     5 |    67 |    70 |       ||   142
       Trident           |       |       |     2 |    92 ||    94
 Cast: Sting             |    47 |    13 |       |       ||    60
       Mephitic Cloud    |     2 |     2 |    10 |     6 ||    20
       Freeze            |       |    44 |    26 |     4 ||    74
       Poisonous Vapours |       |     3 |    10 |     5 ||    18
       Corpse Rot        |       |       |     2 |       ||     2
       Olgreb's Toxic Ra |       |       |       |    10 ||    10
       Alistair's Intoxi |       |       |       |     1 ||     1
Invok: Ancestor Life: Kn |       |       |     1 |       ||     1
       Recall Ancestor   |       |       |       |     2 ||     2
Evoke: Wand              |       |       |     2 |     4 ||     6
  Use: Scroll            |       |    10 |     4 |     5 ||    19
       Potion            |       |       |       |     1 ||     1
 Stab: Sleeping          |       |     5 |     3 |     2 ||    10
       Confused          |       |       |     2 |       ||     2
       Distracted        |       |       |       |     1 ||     1
Armor: Robe              |     1 |    25 |     4 |     9 ||    39
       Leather armour    |       |       |       |    14 ||    14
Dodge: Dodged            |    20 |    71 |    36 |    32 ||   159
Block: Buckler           |       |    10 |     7 |    15 ||    32

Table legend: (Time is in decaauts)
 A = Elapsed time spent in this place.
 B = Non-inter-level travel time spent in this place.
 C = Inter-level travel time spent in this place.
 D = Time resting spent in this place.
 E = Time spent auto-exploring this place.
 F = Levels seen in this place.
 G = Mean time per level.
                   A        B        C        D        E       F      G
               +--------+--------+--------+--------+--------+-----+--------+
         Total |  10518 |  10292 |    226 |   1358 |   7088 |  11 |  956.2 |
       Dungeon |  10001 |   9775 |    226 |   1071 |   6963 |   9 | 1111.2 |
         Abyss |     47 |     47 |      0 |     14 |      0 |   1 |   47.0 |
         Sewer |    469 |    469 |      0 |    273 |    125 |   1 |  469.0 |
               +--------+--------+--------+--------+--------+-----+--------+

Top non-repeatable levels by time:
     D:8: 1690 daAuts
     D:1: 1648 daAuts
     D:4: 1281 daAuts
     D:6: 1267 daAuts
     D:2: 1035 daAuts
     D:3: 986 daAuts
     D:5: 918 daAuts
     D:7: 792 daAuts
   Sewer: 469 daAuts
     D:9: 380 daAuts
 Abyss:2: 47 daAuts
